 Dungeon Crawl Stone Soup version 0.28.0-43-g3370ac3207 (webtiles) character file.

Game seed: 13918569569438929885

778 graymark the Skirmisher (level 7, -1/56 HPs)
             Began as a Demonspawn Chaos Knight on Mar 2, 2022.
             Was a Plaything of Xom.
             Slain by a fire bat (4 damage)
             ... on level 4 of the Dungeon.
             The game lasted 00:12:30 (4461 turns).

graymark the Skirmisher (Demonspawn Chaos Knight)   Turns: 4461, Time: 00:12:30

Health: -1/56      AC:  8    Str: 21    XL:     7   Next: 54%
Magic:  7/7        EV: 16    Int: 13    God:    Xom [...*..]
Gold:   240        SH:  0    Dex: 12    Spells: 6/6 levels left

rFire   . . .      SeeInvis .   a - +0 hand axe (chaos)
rCold   . . .      Faith    .   (no shield)
rNeg    . . .      Spirit   .   b - +2 leather armour
rPois   +          Reflect  .   (helmet restricted)
rElec   .          Harm     .   (no cloak)
rCorr   .          Rampage  .   (no gloves)
Will    .....      Clarity  +   (no boots)
Stlth   +.........              (no amulet)
HPRegen 0.18/turn               e - +4 ring of evasion
MPRegen 0.10/turn               f - +6 ring of strength

@: no status effects
A: molten scales 2, spiny 1, horns 1, clarity, poison resistance
a: Renounce Religion


You were on level 4 of the Dungeon.
You worshipped Xom.
You were a favourite toy of Xom.
You visited 1 branch of the dungeon, and saw 6 of its levels.

You collected 240 gold pieces.

Inventory:

Hand Weapons
 a - a +0 hand axe of chaos (weapon)
 d - a +1 short sword of speed
 m - a +0 flail of draining
Missiles
 n - a throwing net (quivered)
 p - 3 javelins
Armour
 b - a +2 leather armour (worn)
Jewellery
 e - a +4 ring of evasion (left hand)
 f - a +6 ring of strength (right hand)
Wands
 k - a wand of flame (22)
Scrolls
 g - a scroll of teleportation
 h - a scroll of enchant weapon {unknown}
 i - a scroll of amnesia {unknown}
 j - a scroll of enchant armour {unknown}
Potions
 c - a potion of attraction
 l - a potion of brilliance
 o - a potion of resistance {unknown}


   Skills:
 + Level 5.1 Fighting
 + Level 4.6 Axes
 + Level 4.2 Armour
 + Level 3.8 Dodging


You had 6 spell levels left.
You didn't know any spells.
Your spell library contained the following spells:

 Spells                   Type           Power      Damage    Failure   Level
 Call Canine Familiar     Summ           0%         N/A       71%         3
 Portal Projectile        Hex/Tloc       0%         N/A       71%         3
 Leda's Liquefaction      Hex/Erth       0%         N/A       98%         4


Dungeon Overview and Level Annotations

Branches:
Dungeon (6/15)             Temple (0/1) D:5

Altars:
Okawaru
Xom
The Shining One


Innate Abilities, Weirdness & Mutations

You are mostly covered in molten scales. (AC +3)
You are partially covered in sharp spines.
You have a pair of small horns on your head.
You possess an exceptional clarity of mind.
Your system is resistant to poisons. (rPois)


Message History

The orc priest mumbles some strange prayers to Beogh against you.
Beogh smites you!
You hit the orc priest.
The orc priest suddenly seems more agile.
The orc priest is heavily wounded.
The orc priest is struck by your spines.
You kill the orc priest!
No target in view!
No target in view!
You see here a +0 falchion.
A warg is nearby!
The warg howls!
The warg bites you!
You closely miss the warg. The warg bites you!
You hit the warg. You burn the warg. You headbutt the warg.
The warg is moderately wounded.
The warg bites you! The warg misses you.
You are too injured to fight recklessly!
You are too injured to fight recklessly!
You hit the warg.
The warg suddenly seems more agile.
The warg is heavily wounded.
The warg bites you.
* * * LOW HITPOINT WARNING * * *
You closely miss the warg. Your headbutt misses the warg.
The warg is heavily wounded.
The warg barely misses you.
You hit the warg but do no damage.
The warg is heavily wounded.
The warg bites you.
* * * LOW HITPOINT WARNING * * *
The warg completely misses you.
Okay, then. "This might be better!"
The warg evaporates and reforms as a fire bat!
The fire bat is struck by your spines. The fire bat bites you.
* * * LOW HITPOINT WARNING * * *
You are engulfed in flames.
* * * LOW HITPOINT WARNING * * *
The fire bat is struck by your spines. The fire bat bites you.
You die...

§§ #.## #..# #.# #.# ∆
#..###..#####.####.#
#..........#......#
#..##..###.########
##.#.)...# #.#.....#
#....####.# #..>......#
#@.).######### #.b..........#
##############.#..#######.#
#...........####..### #.#
#...................# #.#
#...........#.......#####.###
######'#...#.......#.....).#
#.....#.#.......#.....#.#
####.....#.######.>#######.#


You could see a fire bat.

Vanquished Creatures
  An ogre (D:4)
  A phantom (D:6)
  A centaur zombie (D:4)
  A gnoll shaman (D:4)
  2 orc priests (D:4)
  2 iguanas (D:4)
  4 orc wizards
  7 gnolls
  4 adders
  A shadow imp (D:5)
  3 adder skeletons
  2 worms
  5 dart slugs
  9 orcs
  10 endoplasms
  2 giant cockroaches
  10 goblins
  8 hobgoblins
  8 jackals
  5 ball pythons
  2 bats (D:3)
  5 frilled lizards
  3 kobolds (D:2)
  3 rats (D:1)
99 creatures vanquished.

Vanquished Creatures (collateral kills)
  A bullfrog (D:4)
  A hound (D:4)
  An iguana (D:5)
  A kobold (D:4)
4 creatures vanquished.

Vanquished Creatures (others)
  An orc (D:5)
  12 plants
13 creatures vanquished.

Grand Total: 116 creatures vanquished

Notes
Turn   | Place    | Note
-------+----------+-------------------------------------------
     0 | D:1      | graymark the Demonspawn Chaos Knight began the quest for
                  | the Orb.
     0 | D:1      | Reached XP level 1. HP: 18/18 MP: 1/1
    28 | D:1      | XOM: silly message
    40 | D:1      | Reached skill level 1 in Dodging
    74 | D:1      | XOM: divination: magic mapping
    83 | D:1      | XOM: summons 1 hostile demon
    84 | D:1      | Noticed a quasit
   186 | D:1      | XOM: summons 1 hostile demon
   187 | D:1      | Noticed an iron imp
   306 | D:1      | Found a faded altar of an unknown god.
   306 | D:1      | XOM: 5-stop teleportation journey
   687 | D:1      | Gained mutation: You are partially covered in molten
                  | scales. (AC +2) [demonic ancestry]
   687 | D:1      | Reached XP level 2. HP: 20/24 MP: 2/2
   913 | D:1      | XOM: silly message
  1097 | D:1      | XOM: noise
  1209 | D:2      | Reached XP level 3. HP: 25/29 MP: 3/3
  1991 | D:2      | Reached XP level 4. HP: 33/35 MP: 4/4
  2021 | D:2      | XOM: give mutations
  2021 | D:2      | Gained mutation: Your system is resistant to poisons.
                  | (rPois) [Xom's grace]
  2021 | D:2      | Gained mutation: You have hidden genetic potential. [Xom's
                  | grace]
  2075 | D:2      | XOM: fog
  2100 | D:2      | XOM: god gift: 12 stones
  2212 | D:3      | You fall into a shaft and drop 3 floors!
  2235 | D:6      | Noticed a phantom
  2249 | D:6      | XOM: summons friendly quasit
  2258 | D:6      | Killed a phantom
  2259 | D:6      | Gained mutation: You are partially covered in sharp spines.
                  | [demonic ancestry]
  2259 | D:6      | Reached XP level 5. HP: 36/42 MP: 5/5
  2286 | D:6      | Gained mutation: You possess an exceptional clarity of
                  | mind. [hidden potential]
  2301 | D:5      | XOM: noise
  2301 | D:5      | Entered Level 5 of the Dungeon
  2301 | D:5      | Found a staircase to the Ecumenical Temple.
  2320 | D:4      | XOM: blink monster(s)
  2330 | D:4      | Reached skill level 4 in Fighting
  2419 | D:4      | Noticed an ice beast
  2444 | D:5      | Noticed an ogre
  2490 | D:5      | an ogre changed into a worm
  2490 | D:5      | XOM: polymorph ogre -> worm
  2522 | D:5      | XOM: god gift: 17 stones
  2615 | D:5      | XOM: scenery: create altars
  2776 | D:5      | XOM: cast spell 'Summon Horrible Things'
  2889 | D:5      | Noticed a centaur
  2953 | D:4      | Noticed a warg
  2953 | D:4      | an ice beast changed into a warg
  2953 | D:4      | XOM: polymorph ice beast -> warg
  2971 | D:5      | HP: 2/42 [bullfrog (4)]
  2972 | D:4      | XOM: divination: detect creatures
  2978 | D:4      | Gained mutation: You are mostly covered in molten scales.
                  | (AC +3) [demonic ancestry]
  2978 | D:4      | Reached XP level 6. HP: 13/48 MP: 6/6
  2980 | D:4      | Gained mutation: You have a pair of small horns on your
                  | head. [hidden potential]
  2980 | D:4      | Lost mutation: You have hidden genetic potential. [hidden
                  | potential expressed]
  2982 | D:4      | XOM: silly message
  2997 | D:4      | XOM: enchant monster (good)
  2998 | D:4      | XOM: 1-stop teleportation journey
  3198 | D:3      | XOM: 1-stop teleportation journey
  3564 | D:3      | Found an iron altar of Okawaru.
  3953 | D:4      | XOM: smoke on damage
  3967 | D:4      | XOM: divination: detect items
  3972 | D:5      | Noticed a steam dragon
  3997 | D:4      | XOM: potion effect (curing)
  3999 | D:4      | XOM: confuse monster(s)
  4007 | D:4      | XOM: summons friendly quasit
  4019 | D:4      | XOM: enchant monster (good)
  4023 | D:4      | Reached XP level 7. HP: 55/55 MP: 7/7
  4083 | D:4      | XOM: god gift: 21 arrows
  4183 | D:4      | XOM: confuse monster(s)
  4185 | D:4      | Reached skill level 5 in Fighting
  4313 | D:4      | XOM: cast spell 'Summon Cactus Giant'
  4460 | D:4      | Noticed a fire bat
  4460 | D:4      | a warg changed into a fire bat
  4460 | D:4      | XOM: polymorph warg -> fire bat
  4461 | D:4      | Slain by a fire bat

Illustrated notes

Levels and vault maps discovered:
D:1:      dpeg_arrival_tiny_f, layout_basic,
          hellmonk_ecumenical_altar_arch_garden, hangedman_decor_growths,
          minmay_crystal_room, serial_bayou_pond_a, serial_bayou_pond_d,
          minmay_misc_feat_tower
D:2:      cheibrodos_old_hovel, layout_basic, minmay_misc_feat_pillars
D:3:      layout_rooms, mainiacjoe_overflow_swirl
D:4:      layout_basic, nicolae_shop_fire_sale [nicolae_sub_dead_trees],
          st_stairs_7, minmay_between
D:5:      corexii_shack_village, layout_loops_ring,
          minmay_temple_entry_junction, serial_co_window_serial,
          co_window_corner_a, co_window_of_opportunity_a, co_window_corner_a,
          co_window_paths_b, co_window_paths_a, co_window_paths_c,
          co_window_2corner, co_window_2corner, co_window_cross_4,
          co_window_of_opportunity_c, glass_columns_b, glass_columns_b,
          glass_columns_a, glass_columns_b, ebering_ghost_rock_garden,
          uniq_pikel, uniq_grinder, uniq_menkaure
D:6:      layout_gridville, serial_shops, nicolae_shop_stone,
          kennysheep_decorative_pillar

Skill      XL: |  1  2  3  4  5  6  7 |
---------------+----------------------+-----
Dodging        | 1 2 3 |  3.8
Armour         | 2 3 4 |  4.2
Axes           | 3 4 |  4.6
Fighting       | 4 5 |  5.1

Action                   |  1- 3 |  4- 6 |  7- 9 || total
-------------------------+-------+-------+-------++-------
Melee: Hand axe          |   113 |   106 |    43 ||   262
       Punch             |     3 |     2 |     1 ||     6
       Headbutt          |       |     6 |    13 ||    19
  Use: Scroll            |     2 |     5 |       ||     7
       Potion            |       |     1 |       ||     1
 Stab: Paralysed         |       |     4 |       ||     4
       Confused          |       |       |     1 ||     1
Armor: Leather armour    |    75 |    34 |     2 ||   111
Dodge: Dodged            |    85 |    67 |    22 ||   174
